 Dungeon Crawl Stone Soup version 0.22.1-2-g9c5b331 (webtiles) character file.

165 Mojopoop the Skirmisher (level 5, 0/34 HPs)
             Began as a Gargoyle Monk on Dec 1, 2018.
             Slain by a hound (1 damage)
             ... on level 4 of the Dungeon.
             The game lasted 00:07:12 (2180 turns).

Mojopoop the Skirmisher (Gargoyle Monk)             Turns: 2180, Time: 00:07:13

Health: 0/34       AC: 11    Str: 16    XL:     5   Next: 46%
Magic:  5/5        EV: 10    Int: 10    God:
Gold:   111        SH:  0    Dex: 12    Spells: 4/4 levels left

rFire    + . .     SeeInvis .   f - +1 dagger (elec)
rCold    + . .     Gourm    .   (no shield)
rNeg     + . .     Faith    .   e - +0 scale mail
rPois    ∞         Spirit   .   (no helmet)
rElec    +         Reflect  .   j - scarf {rC+ rF+}
rCorr    .         Harm     .   (no gloves)
MR       +....                  l - +0 pair of boots
Stlth    +.........             (no amulet)
HPRegen  0.11/turn              m - ring of protection from magic
MPRegen  0.09/turn              (no ring)

@: flying
A: negative energy resistance 1, electricity resistance, unbreathing,
petrification resistance, rot immunity, AC +4
a: no special abilities


You were on level 4 of the Dungeon.
You were not hungry.

You visited 1 branch of the dungeon, and saw 4 of its levels.

You collected 111 gold pieces.

Inventory:

Hand Weapons
 a - a +0 spear
 f - a +1 dagger of electrocution (weapon)
Armour
 b - a +0 robe
 e - a +0 scale mail (worn)
 j - a scarf of resistance (worn)
 l - a +0 pair of boots (worn)
Jewellery
 k - an uncursed ring of teleportation
 m - a ring of protection from magic (left hand)
Scrolls
 o - 2 scrolls of identify
Potions
 d - a potion of magic
 g - a potion of flight
 h - 2 potions of heal wounds {unknown}
 i - a potion of cancellation {unknown}
 n - a potion of agility {unknown}
 p - 2 potions of haste {unknown}
Comestibles
 c - 4 rations


   Skills:
 + Level 4.5 Fighting
 * Level 2.4 Short Blades
 - Level 2.9 Polearms
 + Level 3.3 Dodging
 - Level 2.1 Stealth


You had 4 spell levels left.
You didn't know any spells.
Your spell library was empty.

Dungeon Overview and Level Annotations

Branches:
Dungeon (4/15)
 Temple: D:4-7

Altars:


Innate Abilities, Weirdness & Mutations

You are resistant to torment.
Your stone body is resilient. (AC +4)
You are immune to poison.
You resist negative energy. (rN+)
You are resistant to electric shocks. (rElec)
You can survive without breathing.
You are immune to petrification.
You are immune to rotting.


Message History

* * * LOW HITPOINT WARNING * * *
The hound bites you but does no damage.
There is an escape hatch in the floor here.
You closely miss the howler monkey.
The howler monkey hits you but does no damage.
The leopard gecko bites you but does no damage.
The hound bites you.
* * * LOW HITPOINT WARNING * * *
The howler monkey hits you but does no damage.
The howler monkey hits you.
* * * LOW HITPOINT WARNING * * *
It was a potion of flight.
You feel very buoyant.
You fly up into the air.
The leopard gecko misses you. The hound bites you but does no damage.
The howler monkey hits you but does no damage.
The howler monkey hits you.
* * * LOW HITPOINT WARNING * * *
The hound bites you.
You die...

#.# #.# ####.# ##
....#######
##..#####..#......
...........)..#
.........#.)lo# #####
.....≈≈.o##.ol###.<.#
..$.≈looh##.oh@h....#
≈≈..≈o.≈≈≈##.h###...#
..≈.o≈..≈≈≈#..# ##.##
..l⌠.≈...≈≈#..# #.#
≈.⌠≈..≈..≈≈#### #.#
≈..≈..≈..≈≈# #.# #.#
[#


You could see 2 howler monkeys, a hound, 2 orc priests, an orc, a leopard gecko
and a frilled lizard.

Vanquished Creatures
  A howler monkey (D:2)
  6 adders (D:3)
  An ooze (D:2)
  An adder skeleton (D:4)
  A worm (D:3)
  A dart slug (D:1)
  A leopard gecko (D:1)
  3 orcs
  3 bats
  A giant cockroach (D:4)
  9 goblins
  5 hobgoblins
  4 jackals (D:3)
  3 quokkas
  2 frilled lizards (D:1)
  6 kobolds
  7 rats
55 creatures vanquished.

Notes
Turn   | Place    | Note
-------+----------+-------------------------------------------
     0 | D:1      | Mojopoop the Gargoyle Monk began the quest for the Orb.
     0 | D:1      | Reached XP level 1. HP: 14/14 MP: 1/1
    89 | D:1      | Reached XP level 2. HP: 14/19 MP: 2/2
   873 | D:2      | Reached XP level 3. HP: 24/24 MP: 3/3
  1100 | D:2      | Reached skill level 1 in Short Blades
  1483 | D:2      | Reached skill level 4 in Fighting
  1483 | D:2      | Reached XP level 4. HP: 27/29 MP: 4/4
  1698 | D:3      | Reached XP level 5. HP: 34/34 MP: 5/5
  2180 | D:4      | HP: 1/34 [howler monkey (2)]
  2180 | D:4      | Slain by a hound

Skill      XL: |  1  2  3  4 |
---------------+-------------+-----
Short Blades   | 1 2 |  2.4
Fighting       | 4 |  4.5
Dodging        | 3 |  3.3
Polearms       | |  2.9
Stealth        | |  2.1

Action                   |  1- 3 |  4- 6 || total
-------------------------+-------+-------++-------
Melee: Spear             |    15 |       ||    15
       Dagger            |    75 |    91 ||   166
  Use: Scroll            |     4 |     3 ||     7
       Potion            |       |     1 ||     1
  Eat: Ration            |     1 |       ||     1
       Chunk             |     1 |       ||     1
Armor: Scale mail        |    25 |    71 ||    96
Dodge: Dodged            |    44 |    73 ||   117
